 Dungeon Crawl Stone Soup version 0.22-a0-858-g985ef60 (webtiles) character file.

79 VLARC the Digger (level 4, -1/33 HPs)
             Began as a Ghoul Earth Elementalist on July 27, 2018.
             Slain by a gnoll
             ... wielding a +0 spear
              (9 damage)
             ... on level 2 of the Dungeon.
             The game lasted 00:03:51 (2005 turns).

VLARC the Digger (Ghoul Earth Elementalist)         Turns: 2005, Time: 00:03:53

Health: -1/33      AC:  2    Str: 11    XL:     4   Next: 38%
Magic:  0/5        EV: 12    Int: 11    God:
Gold:   55         SH:  0    Dex:  9    Spells: 0/6 levels left

rFire    . . .     SeeInvis .   g - +0 dagger
rCold    + . .     Gourm    .   (no shield)
rNeg     + + +     Faith    .   c - +0 robe
rPois    ∞         Spirit   .   (no helmet)
rElec    .         Reflect  .   (no cloak)
rCorr    .         Harm     .   (no gloves)
MR       .....                  (no boots)
Stlth    ++........             (no amulet)
HPRegen  0.00/turn              (no ring)
MPRegen  0.09/turn              (no ring)

@: rotting
A: rotting body, claws 1, carnivore, cold resistance 1, negative energy
resistance 3, inhibited regeneration, torment resistance, unbreathing
a: no special abilities


You were on level 2 of the Dungeon.
You were not hungry.

You visited 1 branch of the dungeon, and saw 2 of its levels.

You collected 55 gold pieces.

Inventory:

Hand Weapons
 g - a +0 dagger (weapon)
Armour
 c - a +0 robe (worn)
Scrolls
 a - 2 scrolls of amnesia {unknown}
 e - 2 scrolls of identify {unknown}
 f - 3 scrolls of remove curse {unknown}
 j - a scroll of fear {unknown}
 l - a scroll of blinking {unknown}
Potions
 h - 2 potions of curing {unknown}
 i - a potion of ambrosia {unknown}
 k - a potion of flight {unknown}
 n - a potion of might {unknown}
Comestibles
 d - 5 rations


   Skills:
 - Level 1.7 Dodging
 - Level 2.1 Stealth
 - Level 1.7 Spellcasting
 - Level 0.8 Transmutations
 + Level 5.6 Earth Magic


You couldn't memorise any spells.
You knew the following spells:

 Your Spells              Type           Power        Failure   Level  Hunger
a - Sandblast             Erth           ##....       3%          1    ##.....
b - Stone Arrow           Conj/Erth      #.....       28%         3    ####...
c - Passwall              Tmut/Erth      #.......     12%         2    ###....

Your spell library contained the following spells:

 Spells                   Type           Power        Failure   Level  Hunger
 Lee's Rapid Deconstruct  Erth           ##........   63%         5    ######.
 Petrify                  Tmut/Erth      #.......     61%         4    #####..


Dungeon Overview and Level Annotations

Branches:
Dungeon (2/15)

Altars:
Ru


Innate Abilities, Weirdness & Mutations

Your body is rotting away.
You thrive on raw meat.
You are immune to poison.
You have sharp fingernails.
You are carnivorous and can eat meat at any time.
Your flesh is cold resistant. (rC+)
You are immune to negative energy. (rN+++)
You do not regenerate when monsters are visible.
You are immune to unholy pain and torment.
You can survive without breathing.


Message History

Casting: Stone Arrow (safe; 28% risk of failure)
Confirm with . or Enter, or press ? or * to list all spells.
Aiming: Stone Arrow (safe; 28% risk of failure)
Press: ? - help, Shift-Dir - straight line, f - gnoll
Aim: a gnoll, wielding a spear The stone arrow hits the gnoll.
The gnoll is severely wounded.
The gnoll hits you from afar with a spear.
* * * LOW HITPOINT WARNING * * *
You see here a flail.
Casting: Stone Arrow (safe; 28% risk of failure)
Confirm with . or Enter, or press ? or * to list all spells.
Aiming: Stone Arrow (safe; 28% risk of failure)
Press: ? - help, Shift-Dir - straight line, f/p - gnoll
Aim: a gnoll, wielding a spear (severely wounded)
The stone arrow misses the gnoll.
You see here a gnoll corpse.
You butcher the gnoll corpse.
The gnoll hits you from afar with a spear!
You die...

#.######### #...gg.g...
#g######### #.# #.... #g#
#.... #g#####.÷#.
#.##)...###
##########.#..##.#.#
#..@.......#.##..#..
#g##########.)###### ###
########.#######...#.)..#..
...
....................#.#.#.#
...
......................###..
###
#####...#.#####.#.....#..#
### #.#.#.# #.#.#.#.....
..# #.#)#.# #.#.#..##.##
..# #.#.#.# #.#.##.##.#


You could see a gnoll.

Vanquished Creatures
  An adder (D:2)
  3 gnolls (D:2)
  A worm (D:2)
  A dart slug (D:2)
  3 giant cockroaches
  5 goblins
  2 hobgoblins
  3 jackals (D:2)
  A quokka (D:2)
  5 bats
  3 frilled lizards (D:1)
  5 kobolds
  4 rats
37 creatures vanquished.

Notes
Turn   | Place    | Note
-------+----------+-------------------------------------------
     0 | D:1      | VLARC the Ghoul Earth Elementalist began the quest for the Orb.
     0 | D:1      | Reached XP level 1. HP: 14/14 MP: 2/2
   544 | D:1      | Reached XP level 2. HP: 11/20 MP: 3/3
   703 | D:1      | Reached skill level 4 in Earth Magic
   907 | D:1      | You fall through a shaft!
  1137 | D:2      | HP: 1/20 [worm (10)]
  1213 | D:2      | Reached XP level 3. HP: 9/26 MP: 0/4
  1226 | D:2      | HP: 1/26 [jackal (2)]
  1486 | D:2      | Found a sacrificial altar of Ru.
  1574 | D:2      | Reached skill level 5 in Earth Magic
  1662 | D:2      | Learned a level 3 spell: Stone Arrow
  1729 | D:2      | Reached XP level 4. HP: 28/33 MP: 2/5
  1735 | D:2      | Learned a level 2 spell: Passwall
  2005 | D:2      | Slain by a gnoll

Vault maps used:
D:1:      minmay_arrival_solitary_statue, kennysheep_another_room,
          grunt_decor_clamped
D:2:      lemuel_round_altar, first_ration, minmay_hexomino_u4

Skill      XL: |  1  2  3 |
---------------+----------+-----
Earth Magic    | 4 5 |  5.6
Dodging        | |  1.7
Stealth        | |  2.1
Spellcasting   | |  1.7
Transmutations | |  0.8

Action                   |  1- 3 |  4- 6 || total
-------------------------+-------+-------++-------
Melee: Unarmed           |    59 |       ||    59
       Dagger            |    62 |     4 ||    66
 Cast: Sandblast         |    33 |     3 ||    36
       Stone Arrow       |       |     5 ||     5
 Stab: Sleeping          |     1 |       ||     1
  Eat: Chunk             |    13 |       ||    13
Armor: Robe              |    31 |       ||    31
Dodge: Dodged            |   111 |     4 ||   115

Table legend:
 A = Spawn XP
 B = Non-spawn XP
 C = Spawn XP percentage of total XP
 D = Spawn monster count
 E = Non-spawn monster count
 F = Spawn count percentage of total count
 G = Total turns spent on level
                    A         B        C        D         E        F      G
               +---------+---------+-------+---------+---------+-------+---------
         Total |       0 |     114 |   0.0 |       0 |      37 |   0.0 |  2005
               +---------+---------+-------+---------+---------+-------+---------
           D:1 |       0 |      21 |   0.0 |       0 |      14 |   0.0 |   907
           D:2 |       0 |      93 |   0.0 |       0 |      23 |   0.0 |  1098
               +---------+---------+-------+---------+---------+-------+---------
